 Dungeon Crawl Stone Soup version 0.31-a0-1620-gcbf77bbcfc (webtiles) character file.

Game seed: 11829563501977817024

4135 Xavori the Ducker (level 10, -6/73 HPs)
             Began as a Djinni Chaos Knight on Jan 11, 2024.
             Was a Plaything of Xom.
             Mangled by a death yak (13 damage)
             ... on level 8 of the Dungeon on Jan 12, 2024.
             The game lasted 00:15:23 (15905 turns).

Xavori the Ducker (Djinni Chaos Knight)            Turns: 15905, Time: 00:15:23

Health: -6/73      AC: 16    Str:  9    XL:     10   Next: 51%
Gold:   446        EV:  8    Int: 16    God:    Xom [*.....] SH:  0 Dex: 24

rFire   + + .        k - +0 double sword
rCold   x . .        (no shield)
rNeg    . . .        l - +3 chain mail "Qoop" {rElec rF- Int+3}
rPois   ∞            F - +0 helmet
rElec   +            C - +1 cloak
rCorr   .            (no gloves)
SInv    .            (boots unavailable)
Will    +....        (no amulet) Stlth
                     D - ring of wizardry
HPRegen 0.32/turn    y - +4 ring of slaying
MPRegen 0.00/turn

%: wizardry (x1), infuse magic (-7 HP)
@: flying, invisible
A: sickness immunity, fire resistance 3, cold vulnerability 1, float, innate
caster, HP casting, extra vitality 1, claws 1, thin skeletal structure 1, agile
2, dopey 1, electricity resistance, no potion heal 1
a: Renounce Religion


You were on level 8 of the Dungeon.
You worshipped Xom.
You were a special plaything of Xom.
You visited 1 branch of the dungeon, and saw 8 of its levels.
You also visited: Ossuary.

You collected 446 gold pieces.

Inventory:

Hand Weapons
 a - a +0 falchion of chaos
 k - a +0 double sword (weapon)
Armour
 b - a +2 leather armour
 l - the +3 chain mail "Qoop" (worn) {rElec rF- Int+3}
   (Xom gifted it to you on level 1 of the Dungeon)

   Int+3:     It affects your intelligence (+3).
   rF-:       It makes you vulnerable to fire.
   rElec:     It insulates you from electricity.
 C - a +1 cloak (worn)
 F - a +0 helmet (worn)
 K - +0 steam dragon scales
Jewellery
 g - a ring of ice
 j - a +6 ring of strength
 s - a ring of ice
 y - a +4 ring of slaying (right claw)
 D - a ring of wizardry (left claw)
 G - a ring of protection from fire
Wands
 E - a wand of polymorph (6)
 H - a wand of charming (13)
 I - a wand of roots (11)
 J - a wand of flame (19)
Scrolls
 c - a scroll of butterflies
 d - 6 scrolls of teleportation
 h - 2 scrolls of fog
 i - a scroll of enchant armour
 m - a scroll of revelation
 n - a scroll of fear
 q - 2 scrolls of vulnerability
 v - 3 scrolls of poison
Potions
 f - 2 potions of mutation
 o - a potion of resistance
 p - a potion of might {unknown}
 r - 2 potions of magic
 t - a potion of brilliance
 u - a potion of berserk rage {unknown}
 w - 2 potions of haste {unknown}
 x - a potion of lignification {unknown}
 z - 5 potions of heal wounds {unknown}
 A - 4 potions of curing {unknown}
 B - 2 potions of attraction {unknown}


   Skills:
 + Level 6.6 Fighting
 + Level 6.0 Long Blades
 + Level 5.8 Armour
 + Level 6.7 Dodging
 * Level 6.6 Spellcasting
 * Level 6.6 Conjurations
 * Level 6.6 Hexes
   Level 0.0 Charms
 * Level 6.6 Summonings
 * Level 6.6 Necromancy
 * Level 6.6 Translocations
   Level 0.0 Transmutations
 * Level 6.6 Fire Magic
 * Level 6.6 Ice Magic
 * Level 6.6 Air Magic
 * Level 6.6 Earth Magic
 * Level 6.6 Alchemy


You knew the following spells:

 Your Spells              Type           Power      Damage    Failure   Level
a - Sandblast             Erth           52%        2d12      13%         1
b - Scorch                Fire           52%        2d7       21%         2
c - Inner Flame           Hex/Fire       26%        N/A       36%         3
d - Volatile Blastmotes   Fire/Tloc      52%        2d14      36%         3
Your spell library was empty.

Dungeon Overview and Level Annotations

Branches:
Dungeon (8/15)             Temple (0/1) D:7         Ossuary (visited)
   Lair: D:8-11

Altars:
Cheibriados
Elyvilon
Fedhas
Qazlal
Wu Jian
Xom
Zin
The Shining One

Shops:
D:3 :   D:6 [   D:7 :


Innate Abilities, Weirdness & Mutations

You are immune to sickness and miasma.
You are immune to poison.
Your flesh is almost immune to the effects of heat. (rF+++)
You are vulnerable to cold. (rC-)
You float through the air rather than walking.
You learn spells naturally, not from books.
Your magical power is your life essence.
You have superior vitality. (+4 MHP)
You have sharp fingernails.
You have a somewhat thin skeletal structure. (Dex +2, Stealth+)
You are very agile. (Dex +8, Str/Int -2)
You are dopey. (Int -2)
You are resistant to electric shocks. (rElec)
Potions are less effective at restoring your health.


Message History

Nothing appears to happen.
The electric eel shoots out a bolt of lightning at you!
The bolt of electricity hits you. You resist. The death yak gores you.
The escape hatch in the floor slides away as you move over it!
The escape hatch in the floor slides away as you move over it!
Items here: )))) [ ††.
The escape hatch in the floor slides away as you move over it!
Casting: Scorch (safe; 21% risk of failure)
Confirm with . or Enter, or press ? or * to list all spells.
Aiming: Inner Flame (dangerous; 36% risk of failure)
Press: ? - help, Dir - move target, f - death yak
Aim: a death yak (moderately wounded, chance to affect: 18%)
The death yak resists with almost no effort.
The death yak gores you but does no damage.
Unknown command.
Okay, then.
Okay, then.
Unknown command.
You fade into invisibility!
The death yak gores you!
* * * LOW HITPOINT WARNING * * *
You slice the death yak!!
The death yak is heavily wounded.
The death yak gores you but does no damage.
You strike the helpless death yak from behind!
You slash the death yak!
The death yak is heavily wounded.
The death yak closely misses you.
You hit the death yak but do no damage.
You claw the death yak, but do no damage.
The death yak is heavily wounded.
The death yak closely misses you.
You slice the death yak!!
The death yak is almost dead.
The death yak gores you!
* * * LOW HITPOINT WARNING * * *
You barely miss the death yak.
The death yak is almost dead.
The death yak gores you!
You die...

......... #....###.#.#
.~~~≈.... #........#.#
~≈~~≈~... #....#####.#
~~~~~~..# #.#.## #.# #
.~≈~~≈~.# #.#[# ###.###
..~~~~..#
#.#.###.......
~.....S.#
#.......##.##.
........#######..###...
#. #..##..$.>Y@.....#
#. ###.#####....# ##
#.# ##.#..... # ..#
#.###.## # #### #.# .#
#.# # #.# .##### #.#
...... ..#...


You could see a death yak (unable to see you).

Vanquished Creatures
  A polar bear (D:8)
  A hornet (D:8)
  A tarantella (D:7)
  A yak (D:8)
  2 wyverns (D:8)
  2 steam dragons (D:8)
  2 ice beasts
  2 sky beasts
  2 black bears (D:5)
  2 ogres
  A wolf (D:8)
  4 phantoms
  2 bullfrogs
  2 scorpions
  5 wights (D:7)
  A burial acolyte (Ossuary)
  2 hornet simulacra (D:8)
  6 killer bees (D:8)
  An electric eel (D:8)
  2 bombardier beetles
  3 hounds
  An orc priest (D:6)
  Crazy Yiuf (D:3)
  3 iguanas
  6 jellies
  2 centaur simulacra (D:8)
  2 mummies (Ossuary)
  6 adders
  4 gnolls (D:5)
  4 shadow imps
  5 white imps
  3 ribbon worms
  2 dart slugs
  16 orcs
  6 bats
  5 endoplasms
  5 giant cockroaches
  3 gnoll zombies (Ossuary)
  8 goblins
  6 hobgoblins
  6 jackals
  3 kobolds
  6 quokkas
  6 ball pythons
  4 frilled lizards
  2 kobold zombies (Ossuary)
  3 orc zombies (Ossuary)
  3 rats
166 creatures vanquished.

Notes
Turn   | Place    | Note
-------+----------+-------------------------------------------
     0 | D:1      | Xavori the Djinni Chaos Knight began the quest for the Orb.
     0 | D:1      | Reached XP level 1. HP: 20/20 MP: 0/0
    45 | D:1      | Found a faded altar of an unknown god.
   168 | D:1      | Reached XP level 2. HP: 25/25 MP: 0/0
   839 | D:2      | Reached XP level 3. HP: 30/30 MP: 0/0
   839 | D:2      | Learned a level 1 spell: Sandblast
   879 | D:1      | XOM: divination: magic mapping
  1032 | D:1      | XOM: god gift: double sword {god gift}
  1082 | D:1      | XOM: god gift: short sword {god gift}
  1138 | D:1      | XOM: divination: detect creatures
  1586 | D:1      | XOM: give mutations
  1586 | D:1      | Gained mutation: Your muscles are strong. (Str +4, Int/Dex
                  | -1) [Xom's grace]
  1586 | D:1      | Gained mutation: You are agile. (Dex +4, Str/Int -1) [Xom's
                  | grace]
  1586 | D:1      | Gained mutation: Your flesh is almost immune to the effects
                  | of heat. (rF+++) [Xom's grace]
  1947 | D:1      | XOM is BORED!
  1947 | D:1      | XOM: give mutations
  1947 | D:1      | Lost mutation: Your flesh is almost immune to the effects
                  | of heat. (rF+++) [Xom's mischief]
  1947 | D:1      | Lost mutation: Your muscles are strong. (Str +4, Int/Dex
                  | -1) [Xom's mischief]
  1947 | D:1      | Gained mutation: You are frail. (-10% HP) [Xom's mischief]
  1947 | D:1      | Gained mutation: You sometimes lose your temper in combat.
                  | [Xom's mischief]
  2340 | D:1      | XOM: divination: detect creatures
  2767 | D:1      | XOM: god gift: great sword {god gift}
  2852 | D:1      | XOM: give mutations
  2889 | D:1      | XOM: cloud trail
  2954 | D:1      | XOM: scenery: create altars
  3108 | D:1      | XOM: god gift: transparent chain mail {god gift}
  3108 | D:1      | Identified the +3 chain mail "Qoop" {rElec rF- Int+3} (Xom
                  | gifted it to you on level 1 of the Dungeon)
  3249 | D:1      | XOM: cloud trail
  4043 | D:1      | XOM: cloud trail
  4474 | D:1      | XOM: 5-stop teleportation journey
  4668 | D:1      | XOM: divination: detect creatures
  5626 | D:1      | XOM is BORED!
  6588 | D:1      | XOM: give mutations
  6588 | D:1      | Gained mutation: Your mind is acute. (Int +4, Str/Dex -1)
                  | [Xom's grace]
  6588 | D:1      | Gained mutation: You are very agile. (Dex +8, Str/Int -2)
                  | [Xom's grace]
  6857 | D:1      | XOM: scenery: create altars
  7113 | D:1      | XOM: 7-stop teleportation journey
  7195 | D:1      | XOM: scenery: 1 doors open, 1 doors close
  7856 | D:1      | XOM is BORED!
  7856 | D:1      | XOM: give mutations
  7856 | D:1      | Gained mutation: You are weak. (Str -2) [Xom's mischief]
  7856 | D:1      | Gained mutation: You are partially covered in large bone
                  | plates. (SH +4) [Xom's mischief]
  7856 | D:1      | Lost mutation: You are frail. (-10% HP) [Xom's mischief]
  7878 | D:2      | Reached skill level 1 in Spellcasting
  7878 | D:2      | Reached skill level 1 in Conjurations
  7878 | D:2      | Reached skill level 1 in Hexes
  7878 | D:2      | Reached skill level 1 in Summonings
  7878 | D:2      | Reached skill level 1 in Necromancy
  7878 | D:2      | Reached skill level 1 in Translocations
  7878 | D:2      | Reached skill level 1 in Fire Magic
  7878 | D:2      | Reached skill level 1 in Ice Magic
  7878 | D:2      | Reached skill level 1 in Air Magic
  7878 | D:2      | Reached skill level 1 in Earth Magic
  7878 | D:2      | Reached skill level 1 in Alchemy
  8234 | D:2      | Reached XP level 4. HP: 28/35 MP: 0/0
  8242 | D:2      | XOM: give mutations
  8242 | D:2      | Gained mutation: You expend health (3 HP) to strengthen
                  | your wands. [Xom's grace]
  8242 | D:2      | Gained mutation: You have sharp fingernails. [Xom's grace]
  8242 | D:2      | Gained mutation: You passively map a small area around you.
                  | [Xom's grace]
  8242 | D:2      | Gained mutation: You have supernaturally acute eyesight.
                  | (SInv) [Xom's grace]
  8886 | D:3      | Found Cexiaky's Vocational Training.
  8902 | D:3      | Found a blossoming altar of Fedhas.
  8902 | D:3      | You are sucked into a shaft and drop 2 floors!
  8902 | D:5      | Entered Level 5 of the Dungeon
  8949 | D:4      | Noticed a phantom
  8960 | D:4      | XOM: cleaving
  8963 | D:4      | Killed a phantom
  8964 | D:4      | Reached XP level 5. HP: 13/40 MP: 0/0
  8964 | D:4      | Learned a level 2 spell: Scorch
  9178 | D:4      | XOM: god gift: 16 gold pieces
  9182 | D:4      | XOM: god gift: 3 stones
  9184 | D:4      | Noticed a phantom
  9192 | D:4      | Killed a phantom
  9193 | D:4      | Reached XP level 6. HP: 40/47 MP: 0/0
  9256 | D:4      | Found a white marble altar of Elyvilon.
  9302 | D:4      | Found a sand-covered staircase.
  9307 | Ossuary  | Entered an ossuary
  9362 | Ossuary  | Reached XP level 7. HP: 41/51 MP: 0/0
  9362 | Ossuary  | Learned a level 3 spell: Inner Flame
  9384 | Ossuary  | XOM: polymorph burial acolyte -> orc
  9631 | D:4      | XOM: divination: detect items
  9728 | D:4      | XOM: scenery: 1 fountains blood, 1 doors open, 1 doors
                  | close
  9768 | D:4      | Found a glowing silver altar of Zin.
  9974 | D:4      | XOM: summons 4 hostile demons
 10376 | D:3      | XOM: silly message
 10439 | D:3      | Found a snail-covered altar of Cheibriados.
 10440 | D:3      | Found a stormy altar of Qazlal.
 10445 | D:3      | Found a glowing golden altar of the Shining One.
 10500 | D:3      | XOM: 1-stop teleportation journey
 10799 | D:3      | Found a runed translucent door.
 10800 | D:3      | Noticed Crazy Yiuf
 11006 | D:3      | Killed Crazy Yiuf
 11066 | D:3      | XOM: give mutations
 11066 | D:3      | Lost mutation: You sometimes lose your temper in combat.
                  | [Xom's mischief]
 11066 | D:3      | Gained mutation: You have a somewhat thin skeletal
                  | structure. (Dex +2, Stealth+) [Xom's mischief]
 11171 | D:5      | XOM: noise
 11566 | D:5      | Reached XP level 8. HP: 33/58 MP: 0/0
 11597 | D:5      | XOM: give mutations
 11597 | D:5      | Gained mutation: You are resistant to electric shocks.
                  | (rElec) [Xom's mischief]
 11597 | D:5      | Lost mutation: You passively map a small area around you.
                  | [Xom's mischief]
 11597 | D:5      | Lost mutation: Your mind is acute. (Int +4, Str/Dex -1)
                  | [Xom's mischief]
 11662 | D:5      | XOM: 6-stop teleportation journey
 12128 | D:6      | XOM: swap monsters
 12162 | D:6      | XOM: summons 4 hostile shadow creatures
 12252 | D:6      | XOM: 2-stop teleportation journey
 12396 | D:6      | XOM: noise
 12504 | D:6      | Reached skill level 5 in Fighting
 12825 | D:6      | Found Araceoff's Armour Shop.
 13109 | D:6      | XOM is BORED!
 13109 | D:6      | XOM: summons 1 hostile demon
 13394 | D:7      | Found a staircase to the Ecumenical Temple.
 13434 | D:7      | Reached skill level 5 in Dodging
 13446 | D:7      | Reached XP level 9. HP: 58/65 MP: 0/0
 13446 | D:7      | Learned a level 3 spell: Volatile Blastmotes
 13456 | D:7      | XOM: 2-stop teleportation journey
 13613 | D:7      | XOM: polymorph white imp -> shadow imp
 13736 | D:7      | Found Qeinlino's Tremendous Tomes.
 13813 | D:7      | Reached skill level 5 in Spellcasting
 13813 | D:7      | Reached skill level 5 in Conjurations
 13813 | D:7      | Reached skill level 5 in Hexes
 13813 | D:7      | Reached skill level 5 in Summonings
 13813 | D:7      | Reached skill level 5 in Necromancy
 13813 | D:7      | Reached skill level 5 in Translocations
 13813 | D:7      | Reached skill level 5 in Fire Magic
 13813 | D:7      | Reached skill level 5 in Ice Magic
 13813 | D:7      | Reached skill level 5 in Air Magic
 13813 | D:7      | Reached skill level 5 in Earth Magic
 13813 | D:7      | Reached skill level 5 in Alchemy
 13823 | D:7      | Noticed Jeremiah
 13832 | D:7      | Lost mutation: You have supernaturally acute eyesight.
                  | (SInv) [potion of mutation]
 13832 | D:7      | Lost mutation: You are partially covered in large bone
                  | plates. (SH +4) [potion of mutation]
 13832 | D:7      | Lost mutation: You are weak. (Str -2) [potion of mutation]
 13832 | D:7      | Gained mutation: Your flesh is almost immune to the effects
                  | of heat. (rF+++) [potion of mutation]
 13832 | D:7      | Gained mutation: You are dopey. (Int -2) [potion of
                  | mutation]
 13832 | D:7      | Gained mutation: Your spells are a little harder to cast,
                  | but a little more powerful. [potion of mutation]
 14063 | D:7      | Jeremiah changed into Jeremiah the moth of wrath
 14063 | D:7      | Noticed Jeremiah
 14067 | D:7      | Jeremiah the moth of wrath changed into Jeremiah the
                  | tarantella
 14067 | D:7      | Noticed Jeremiah
 14067 | D:7      | XOM: polymorph Jeremiah the moth of wrath -> Jeremiah the
                  | tarantella
 14075 | D:7      | XOM: chaos cloud
 14084 | D:7      | Killed Jeremiah the tarantella
 14085 | D:7      | Reached skill level 5 in Long Blades
 14121 | D:6      | XOM: summons 2 hostile demons
 14764 | D:8      | XOM: stat loss: -1 Int (12/13)
 14818 | D:8      | Noticed a polar bear
 14825 | D:8      | Killed a polar bear
 14826 | D:8      | Reached skill level 5 in Armour
 14834 | D:8      | Reached XP level 10. HP: 54/72 MP: 0/0
 14997 | D:8      | XOM: silly message
 15271 | D:8      | XOM: noise
 15348 | D:8      | Found a shimmering altar of Xom.
 15424 | D:8      | XOM: swap monsters
 15428 | D:8      | XOM: smoke on damage
 15432 | D:8      | Found an ornate altar of the Wu Jian Council.
 15591 | D:8      | XOM: give mutations
 15591 | D:8      | Lost mutation: You expend health (3 HP) to strengthen your
                  | wands. [Xom's mischief]
 15591 | D:8      | Gained mutation: Potions are less effective at restoring
                  | your health. [Xom's mischief]
 15591 | D:8      | Lost mutation: Your spells are a little harder to cast, but
                  | a little more powerful. [Xom's mischief]
 15614 | D:8      | XOM: confusion
 15890 | D:8      | Noticed a death yak
 15905 | D:8      | Mangled by a death yak

Illustrated notes

Levels and vault maps discovered:
D:1:      minmay_arrival_stair_chambers, layout_basic,
          shapermc_ecumenical_altar_mp_highgroup, minmay_close_crescents
D:2:      layout_basic, minmay_misc_feat_room, grunt_ministairs_10,
          glass_columns_c, st_stairs_7, solitary_fountain, minivault_19,
          wad_floor_pattern_1
D:3:      layout_basic, grunt_temple_overflow_open, mainiacjoe_overflow_paths,
          nicolae_shop_vocational, uniq_crazy_yiuf_cottage
D:4:      layout_loops_corners, mainiacjoe_overflow_catwalk_spiral,
          nicolae_ossuary_entry_false_entrances, grunt_ministairs_4
D:5:      layout_rooms
D:6:      layout_layer_cave, serial_shops, shop
D:7:      layout_gridville, minmay_temple_entry_enclosed_plants, minivault_19,
          nicolae_shop_i_like_big_books, uniq_jeremiah
D:8:      layout_loops_ring, mainiacjoe_overflow_alcove_1, kennysheep_mini_moat,
          serial_ice, serial_ice_n, serial_ice_i, serial_ice_f, serial_ice_a,
          serial_ice_g, serial_ice_e, serial_ice_d, serial_ice_h, serial_ice_b,
          serial_ice_m

Skill      XL: |  1  2  3  4  5  6  7  8  9 10 |
---------------+-------------------------------+-----
Spellcasting   | 1 2 3 4 5 6 |  6.6
Conjurations   | 1 2 3 4 5 6 |  6.6
Hexes          | 1 2 3 4 5 6 |  6.6
Summonings     | 1 2 3 4 5 6 |  6.6
Necromancy     | 1 2 3 4 5 6 |  6.6
Translocations | 1 2 3 4 5 6 |  6.6
Fire Magic     | 1 2 3 4 5 6 |  6.6
Ice Magic      | 1 2 3 4 5 6 |  6.6
Air Magic      | 1 2 3 4 5 6 |  6.6
Earth Magic    | 1 2 3 4 5 6 |  6.6
Alchemy        | 1 2 3 4 5 6 |  6.6
Long Blades    | 3 4 5 6 |  6.0
Armour         | 2 3 4 5 |  5.8
Dodging        | 3 4 5 6 |  6.7
Fighting       | 4 5 6 |  6.6

Action                     |  1- 3 |  4- 6 |  7- 9 | 10-12 || total
---------------------------+-------+-------+-------+-------++-------
  Melee: Falchion          |    40 |       |       |       ||    40
         Punch             |     1 |       |       |     1 ||     2
         Double sword      |    44 |    94 |   201 |    54 ||   393
   Cast: Inner Flame       |       |       |    23 |     7 ||    30
         Scorch            |       |       |    12 |     9 ||    21
         Volatile Blastmot |       |       |     9 |     5 ||    14
  Evoke: Wand              |       |       |     1 |       ||     1
    Use: Scroll            |       |       |     9 |     3 ||    12
         Potion            |       |       |     5 |     1 ||     6
   Stab: Sleeping          |     2 |     2 |     3 |       ||     7
         Distracted        |       |     1 |     1 |       ||     2
         Invisible         |       |       |     1 |     1 ||     2
 Armour: Leather armour    |    57 |    78 |   198 |    69 ||   402
         Chain mail        |       |       |       |    17 ||    17
  Dodge: Dodged            |    58 |    72 |   214 |    87 ||   431
  Block: Other             |     8 |    13 |    33 |       ||    54

Table legend: (Time is in decaauts)
 A = Elapsed time spent in this place.
 B = Non-inter-level travel time spent in this place.
 C = Inter-level travel time spent in this place.
 D = Time resting spent in this place.
 E = Time spent auto-exploring this place.
 F = Levels seen in this place.
 G = Mean time per level.
                   A        B        C        D        E       F      G
               +--------+--------+--------+--------+--------+-----+--------+
         Total |  16062 |  15775 |    287 |   8575 |   5364 |   9 | 1784.7 |
       Dungeon |  15752 |  15465 |    287 |   8559 |   5225 |   8 | 1969.0 |
       Ossuary |    310 |    310 |      0 |     16 |    139 |   1 |  310.0 |
               +--------+--------+--------+--------+--------+-----+--------+

Top non-repeatable levels by time:
     D:1: 7854 daAuts
     D:6: 1581 daAuts
     D:4: 1194 daAuts
     D:8: 1183 daAuts
     D:7: 1149 daAuts
     D:3: 938 daAuts
     D:5: 928 daAuts
     D:2: 922 daAuts
 Ossuary: 310 daAuts
